Map: [ESL] Ancient Cistern

Players

Elazer - Winner!

  • Race: Zerg Zerg

soO

  • Race: Zerg Zerg

Event: IEM Katowice 2023

VOD

Have the link to the VOD?

Description

Time

  • Played on: Feb. 8, 2023, 7:04 a.m.
  • Length: 11:07

All games in this series

Show
View Real Time Build Order
Export as new Build Order

Elazer Zerg - Winner!

Build Orders: Hatch First 

Get SALT Encoding   

  12  0:00  Drone  
  13  0:12  Overlord  
  13  0:16  Drone  
  14  0:30  Drone x2  
  16  0:47  Hatchery  
  15  0:50  Drone  
  15  0:54  Drone  
  18  0:57  Drone  
  18  1:07  Extractor  
  17  1:12  Spawning Pool  
  17  1:15  Drone  
  18  1:18  Drone  
  18  1:27  Drone  
  19  1:39  Drone  
  20  1:50  Drone  
  21  1:58  Queen x2  
  21  1:59  Zergling x2  
  21  2:00  Overlord  
  26  2:08  Metabolic Boost  
  26  2:09  Drone  
  26  2:10  Drone  
  28  2:20  Drone  
  28  2:21  Drone  
  30  2:31  Hatchery  
  30  2:34  Drone  
  30  2:42  Drone  
  31  2:44  Baneling Nest  
  31  2:47  Overlord  
  31  2:50  Drone  
  31  2:54  Drone x2  
  33  3:07  Drone  
  33  3:08  Overlord  
  33  3:09  Drone  
  33  3:10  Drone  
  36  3:13  Zergling x6  
  36  3:14  Zergling x2  
  40  3:20  Queen  
  40  3:26  Zergling x2  
  43  3:27  Drone  
  43  3:33  Drone x2  
  46  3:38  Drone x2  
  48  3:42  Drone x4  
  48  3:44  Drone x2  
  54  3:54  Overlord  
  54  3:58  Drone x2  
  54  4:02  Lair  
  56  4:03  Drone  
  56  4:08  Drone  
  58  4:10  Overlord  
  58  4:13  Zergling x2  
  58  4:14  Roach Warren, Zergling x4  
  58  4:15  Zergling x6  
  58  4:16  Zergling x2  
  64  4:18  Baneling  
  64  4:19  Baneling x3  
  64  4:20  Zergling x2  
  64  4:21  Zergling x2  
  66  4:26  Extractor, Drone  
  66  4:36  Drone x3  
  69  4:40  Drone x3  
  69  4:41  Overlord  
  69  4:42  Drone x2  
  72  4:53  Overlord  
  72  4:56  Extractor, Drone x2  
  72  4:58  Extractor  
  72  4:59  Glial Reconstitution  
  71  5:00  Overlord  
  71  5:02  Extractor, Roach x2  
  71  5:06  Overlord  
  74  5:10  Drone x3  
  74  5:11  Roach  
  74  5:12  Roach  
  80  5:19  Roach  
  80  5:20  Roach  
  84  5:23  Overlord  
  84  5:29  Roach x4  
  84  5:34  Roach  
  84  5:35  Roach  
  96  5:37  Overlord x2  
  96  5:39  Roach  
  96  5:41  Roach x3  
  104  5:47  Roach x2  
  107  5:53  Roach x2  
  107  5:56  Roach x4  
  119  6:00  Roach x2  
  119  6:03  Overlord  
  123  6:05  Roach  
  125  6:12  Evolution Chamber  
  125  6:13  Drone x5  
  125  6:17  Drone  
  130  6:21  Drone  
  130  6:22  Drone  
  130  6:25  Drone x3  
  135  6:27  Drone x3  
  137  6:36  Extractor  
  137  6:37  Zerg Missile Weapons Level 1  
  137  6:38  Drone x2  
  132  6:47  Hatchery  
  132  6:48  Roach x4  
  132  6:51  Roach  
  129  6:58  Roach x5  
  137  7:04  Roach  
  137  7:10  Overlord x2  
  127  7:16  Roach x5  
  127  7:20  Roach x2  
  112  7:31  Roach x10  
  112  7:35  Tunneling Claws  
  112  7:36  Burrow  
  130  7:38  Overseer  
  130  7:39  Roach x2  
  130  7:40  Roach  
  138  7:44  Roach  
  138  7:50  Roach x2  
  142  7:54  Roach x6  
  154  7:59  Overlord  
  154  8:04  Roach x3  
  160  8:10  Overlord x3  
  160  8:17  Overlord  
  160  8:21  Roach x4  
  168  8:29  Roach x11  
  168  8:31  Overlord  
  190  8:35  Zerg Missile Weapons Level 2  
  182  8:59  Roach x5  
  182  9:02  Roach x2, Ravager  
  196  9:03  Ravager x3  
  196  9:08  Hydralisk Den  
  199  9:11  Roach x2  
  199  9:21  Roach x2  
  199  9:22  Roach x2  
  195  9:39  Roach x2  
  195  9:40  Overlord x2  
  166  9:55  Roach x19  
  176  10:06  Roach x9  
  176  10:07  Roach x2  
  186  10:15  Roach  
  186  10:16  Roach x3  
  186  10:19  Roach x16  
  184  10:29  Roach x3  
  184  10:30  Roach x5  
  184  10:31  Overseer  
  184  10:34  Spine Crawler  
  184  10:35  Spine Crawler  
  196  10:40  Hydralisk x2  
  196  10:42  Hatchery  
Show
View Real Time Build Order
Export as new Build Order

soO Zerg 

Build Orders: Hatch First 

Get SALT Encoding   

  12  0:00  Drone  
  13  0:12  Overlord  
  13  0:17  Drone  
  14  0:30  Drone x2  
  16  0:48  Hatchery  
  15  0:50  Drone  
  15  0:54  Drone  
  18  0:57  Drone  
  18  1:08  Extractor  
  17  1:13  Spawning Pool  
  17  1:16  Drone  
  17  1:19  Drone  
  18  1:27  Drone  
  19  1:38  Drone  
  20  1:51  Drone  
  21  1:59  Queen  
  21  2:00  Drone, Queen  
  26  2:01  Overlord  
  26  2:10  Drone x2  
  26  2:11  Metabolic Boost  
  28  2:21  Zergling x2  
  28  2:22  Drone  
  30  2:31  Hatchery  
  30  2:33  Drone  
  30  2:36  Drone  
  31  2:42  Queen  
  33  2:47  Overlord  
  33  2:53  Zergling x2  
  33  2:54  Drone x2  
  36  2:59  Baneling Nest  
  36  3:04  Drone  
  36  3:07  Zergling x2  
  36  3:08  Drone x2  
  39  3:13  Drone  
  39  3:14  Drone  
  39  3:18  Overlord, Drone  
  42  3:21  Drone  
  42  3:24  Drone  
  44  3:30  Overlord  
  44  3:35  Evolution Chamber  
  44  3:37  Drone  
  44  3:39  Drone  
  45  3:41  Drone  
  45  3:43  Drone x2  
  45  3:44  Extractor, Baneling  
  45  3:47  Drone  
  48  3:52  Zergling x6  
  48  3:54  Queen  
  51  4:01  Overlord  
  51  4:04  Drone  
  51  4:05  Drone  
  51  4:06  Roach Warren  
  51  4:08  Drone  
  51  4:09  Drone  
  55  4:10  Drone  
  55  4:12  Drone  
  56  4:17  Drone x2  
  56  4:18  Zerg Missile Weapons Level 1  
  56  4:22  Drone x2  
  60  4:26  Drone  
  61  4:34  Drone x2  
  61  4:36  Drone x2  
  61  4:37  Baneling x2  
  64  4:48  Drone  
  61  4:55  Drone  
  61  4:56  Drone x3  
  61  4:57  Lair, Drone x5  
  67  5:00  Drone x2  
  67  5:01  Extractor  
  67  5:02  Extractor, Drone  
  67  5:06  Drone  
  69  5:08  Drone x3  
  69  5:09  Drone  
  73  5:16  Overlord  
  73  5:17  Overlord  
  73  5:20  Extractor, Baneling x2  
  72  5:22  Extractor  
  72  5:23  Overlord  
  72  5:26  Overlord  
  71  5:28  Roach  
  71  5:34  Overlord  
  74  5:35  Roach  
  74  5:36  Roach  
  74  5:37  Roach x5  
  86  5:43  Roach x4  
  86  5:47  Roach  
  96  5:53  Roach x2  
  100  5:58  Glial Reconstitution  
  100  5:59  Drone  
  100  6:01  Drone x3  
  100  6:03  Drone x3  
  107  6:04  Overseer  
  107  6:06  Roach  
  107  6:07  Roach  
  111  6:13  Overlord  
  111  6:14  Zerg Missile Weapons Level 2  
  111  6:15  Roach  
  111  6:18  Overlord x2  
  113  6:20  Pneumatized Carapace  
  113  6:28  Overlord  
  113  6:31  Overlord  
  113  6:33  Roach x4  
  113  6:37  Ravager x2  
  113  6:38  Roach  
  125  6:40  Roach x3  
  125  6:42  Roach  
  125  6:45  Roach x3  
  125  6:46  Roach  
  129  6:48  Roach  
  115  6:56  Roach x5  
  115  6:59  Roach  
  113  7:06  Roach  
  103  7:10  Roach x2  
  103  7:15  Roach  
  99  7:17  Roach  
  99  7:20  Roach, Queen  
  92  7:27  Roach  
  92  7:28  Roach  
  90  7:31  Roach  
  90  7:33  Queen x2  
  90  7:35  Evolution Chamber  
  93  7:37  Drone x2  
  93  7:39  Drone  
  96  7:44  Hatchery  
  95  7:54  Roach x3  
  95  7:55  Ravager  
  95  7:56  Ravager x2  
  95  7:57  Drone  
  106  7:58  Drone  
  106  8:01  Zerg Ground Armor Level 1  
  106  8:02  Roach  
  108  8:08  Overseer  
  108  8:10  Roach x2  
  112  8:15  Roach  
  112  8:16  Overseer  
  118  8:20  Roach x2, Ravager  
  118  8:21  Ravager  
  118  8:25  Roach  
  122  8:28  Roach  
  122  8:29  Roach x2  
  122  8:30  Roach  
  130  8:36  Roach x2  
  134  8:41  Overlord  
  134  8:43  Roach x4  
  134  8:44  Overlord  
  134  8:48  Overlord  
  142  8:49  Drone  
  143  8:56  Drone x3  
  143  9:01  Hatchery, Roach  
  147  9:03  Ravager  
  147  9:04  Roach, Ravager  
  147  9:08  Roach x3  
  157  9:11  Roach  
  157  9:12  Roach  
  157  9:16  Roach x2  
  165  9:22  Roach  
  165  9:23  Overlord, Roach  
  169  9:25  Overlord  
  169  9:34  Overlord  
  169  9:35  Overseer  
  164  9:43  Overseer  
  157  9:46  Roach  
  157  9:47  Roach  
  157  9:48  Roach  
  157  9:49  Roach x3  
  157  9:50  Roach x3  
  157  9:52  Roach  
  156  9:53  Roach x3  
  156  9:54  Roach  
  136  10:02  Roach  
  136  10:03  Roach  
  136  10:04  Roach  
  122  10:13  Roach x2  
  123  10:16  Roach  
  122  10:22  Drone  
  122  10:25  Drone  
  122  10:27  Drone  
  124  10:30  Ravager x3  
  124  10:31  Ravager x2  
  129  10:36  Roach x5  
  129  10:38  Drone  
  137  10:46  Roach x2  

Tags
 
Add a new tag
Caveats
  • Supply blocks, unpowered buildings, or Contaminate may cause inaccurate times.
  • Supply counts are checked every 10 seconds.